AoeStats
← Dreaming-though-Awake

Arabia

504149078Analyzed
1v1 RM · 28d ago on Sep 4, 2026· 24m 51s· 2 players
Game mode
Random Map
Map size
Tiny (2 player)
Population
200
Speed
Normal
Resources
Standard
Victory
Conquest
Starting age
Dark Age
Ending age
Imperial Age
RankedLock teamsTeams togetherTeam positionsShared explorationLock speedFull tech treeHidden civsTurbo modeCheats
Victory
Defeat
🇦🇷 Teutons · Argentina
1391
+16
🇺🇸 Huns · United States
1385
-16
Dreaming-though-Awake
7:10 Loom
9:42 Feudal Age
16:01 Forging
19:28 Bloodlines
24:21 Castle Age
22:26 Double-Bit Axe
23:13 Scale Mail Armor
23:44 Scale Mail Armor
24:31 Pikeman
Tutifruti1647
6:35 Loom
6:40 Loom
9:30 Feudal Age
10:08 Double-Bit Axe
20:52 Castle Age
19:35 Bloodlines
19:47 Scale Barding Armor
20:32 Forging
20:39 Gold Mining
21:09 Horse Collar
Connection lost

Rejoining the realm…

Still unreachable

The connection could not be restored.

Session expired

The server has moved on; the page needs a fresh start.